 Dungeon Crawl Stone Soup version 0.27.1-33-g824d729ab1 (console) character file.

Game seed: 14281958037362487111

664 Banquo the Slasher (level 7, 0/50 HPs)
             Began as a Djinni Gladiator on Dec 15, 2021.
             Slain by a gnoll (7 damage)
             ... on level 6 of the Dungeon.
             The game lasted 00:25:38 (7758 turns).

Banquo the Slasher (Djinni Gladiator)               Turns: 7758, Time: 00:25:38

Health: 0/50       AC:  7    Str: 13    XL:     7   Next: 87%
Gold:   177        EV: 12    Int: 11    God:
                   SH:  0    Dex: 15

rFire    + . .     SeeInvis .   a - +0 long sword
rCold    + . .     Faith    .   (no shield)
rNeg     . . .     Spirit   .   v - +2 leather armour {rC+}
rPois    ∞         Reflect  .   h - +0 helmet
rElec    .         Harm     .   e - +0 cloak
rCorr    .         Rampage  .   (no gloves)
Will     .....                  (boots unavailable)
Stlth    +.........             (no amulet)
HPRegen  0.16/turn              q - ring of ice
MPRegen  0.00/turn              (no ring)

@: flying
A: sickness immunity, fire resistance 2, cold vulnerability 1, float, innate
caster, hp casting, extra vitality 1
a: no special abilities


You were on level 6 of the Dungeon.
You visited 1 branch of the dungeon, and saw 5 of its levels.

You collected 177 gold pieces.

Inventory:

Hand Weapons
 a - a +0 long sword (weapon)
 b - a +2 spear of flaming
 c - a +1 whip of flaming
 f - a +0 rapier
 i - a +2 short sword of venom
 l - a +0 hunting sling
 w - a +2 dagger of speed
 y - a +1 dagger of speed
Missiles
 j - 4 poisoned darts
 k - 76 stones
 o - 3 throwing nets (quivered)
 C - 7 atropa-tipped darts
Armour
 d - a +1 animal skin
 e - a +0 cloak (worn)
 h - a +0 helmet (worn)
 p - a +0 helmet
 v - a +2 leather armour of cold resistance (worn)
 z - a +0 leather armour
Magical Staves
 m - a staff of cold
Jewellery
 q - a ring of ice (left hand)
 A - the ring of Xom's Sleight of Hands {Will+ Int-2 Dex+7}
   (You took it off an orc on level 4 of the Dungeon)

   [ring of willpower]

   Int:       It affects your intelligence (-2).
   Dex:       It affects your dexterity (+7).
   Will:      It increases your willpower.
Wands
 x - a wand of flame (24)
 F - a wand of paralysis (8)
Scrolls
 r - 2 scrolls of teleportation
 s - a scroll of fog
 t - 2 scrolls of identify
 D - a scroll of blinking {unknown}
Potions
 g - 2 potions of cancellation
 n - 3 potions of flight {unknown}
 u - 2 potions of curing {unknown}
 B - 2 potions of ambrosia {unknown}
 E - a potion of heal wounds {unknown}


   Skills:
 * Level 3.1 Fighting
 + Level 4.5 Long Blades
 - Level 1.5 Throwing
 * Level 1.5 Armour
 - Level 3.2 Dodging
 * Level 4.4 Spellcasting


You had 9 spell levels left.
You knew the following spells:

 Your Spells              Type           Power      Damage    Failure   Level
a - Sting                 Tmut/Pois      48%        1d5       4%          1
r - Searing Ray           Conj           24%        3d4       7%          2
z - Poisonous Vapours     Pois/Air       24%        N/A       7%          2
Your spell library was empty.

Dungeon Overview and Level Annotations

Branches:
Dungeon (4/15)
 Temple: D:4-7

Altars:
Cheibriados
Uskayaw
Yredelemnul
Zin
The Shining One

Shops:
D:2 (

Annotations:
D:3 1 exclusion


Innate Abilities, Weirdness & Mutations

You are immune to sickness and miasma.
You are immune to poison.
Your flesh is very heat resistant. (rF++)
You are vulnerable to cold. (rC-)
You float through the air rather than walking.
You learn spells naturally, not from books.
Your magical power is your life essence.
You have superior vitality. (+4 HP)


Message History

Aiming: Searing Ray (safe; 8% risk of failure)
Press: ? - help, Shift-Dir - straight line, f - bullfrog skeleton
Aim: a bullfrog skeleton (heavily damaged, 92% to hit)
The searing ray hits the bullfrog skeleton!
The bullfrog skeleton is severely damaged.
The searing ray hits the jelly.
The jelly is almost dead. (Press . to maintain the ray.)
The bullfrog skeleton hits you but does no damage.
The gnoll shaman calls upon its god to speed up something.
The searing ray hits the bullfrog skeleton.
The bullfrog skeleton is almost destroyed.
The searing ray hits the jelly.
You kill the jelly!
* * * LOW HITPOINT WARNING * * *
The bullfrog skeleton hits you but does no damage. x2
Unknown command.
The searing ray hits the bullfrog skeleton!
You destroy the bullfrog skeleton!
The searing ray hits the gnoll shaman.
The gnoll shaman is lightly wounded.
* * * LOW HITPOINT WARNING * * *
The gnoll barely misses you. The gnoll closely misses you.
The gnoll closely misses you. The gnoll closely misses you.
Found a book of Dreams.
Found an escape hatch in the floor.
The gnoll misses you.
A water moccasin comes into view.
Found a smoky coppery potion.
The water moccasin hisses angrily.
Found a stone staircase leading up and a stone staircase leading down.
The gnoll closely misses you. The gnoll hits you but does no damage.
The gnoll hits you from afar with a +0 halberd!
* * * LOW HITPOINT WARNING * * *
Found an escape hatch in the ceiling.
There is a stone staircase leading up here.
The gnoll hits you from afar with a +0 halberd!
You die...

#.#.#
#...... .
#.#g#
#.≈≈≈≈≈ <
#.#.#####
#.≈....
#.#g......#
#.≈.≈§≈
#.#.#.....#
#.≈.≈..
#.#S#.....#
..≈.≈._
#..g#.....#
#.≈....
#...#:....#
#.≈.§§≈
#..@#>....#
..≈....
##..#...!.#
..≈≈≈≈≈
...>#.....#
.......
######


You could see a water moccasin, a gnoll shaman and a gnoll (fast).

Vanquished Creatures
  A black bear (D:4)
  An ogre (D:4)
  A hound (D:4)
  A bullfrog skeleton (D:6)
  3 orc priests
  2 jellies
  Ijyb (D:3)
  2 orc wizards (D:4)
  Robin (D:2)
  2 adders (D:4)
  A shadow imp (D:6)
  A white imp (D:6)
  2 adder skeletons (D:4)
  4 worms
  3 dart slugs
  14 orcs
  10 bats
  3 endoplasms
  2 giant cockroaches
  20 goblins
  16 hobgoblins
  13 jackals
  2 quokkas
  4 ball pythons
  2 frilled lizards
  16 kobolds
  7 rats
135 creatures vanquished.

Notes
Turn   | Place    | Note
-------+----------+-------------------------------------------
     0 | D:1      | Banquo the Djinni Gladiator began the quest for the Orb.
     0 | D:1      | Reached XP level 1. HP: 18/18 MP: 0/0
   154 | D:1      | Found a faded altar of an unknown god.
   206 | D:1      | Reached XP level 2. HP: 16/23 MP: 0/0
   751 | D:1      | Reached XP level 3. HP: 26/28 MP: 0/0
   751 | D:1      | Learned a level 1 spell: Sting
  1383 | D:2      | Noticed Robin
  1383 | D:2      | Found Iqesivae's Antique Weapon Shoppe.
  1666 | D:2      | Reached skill level 1 in Spellcasting
  1920 | D:2      | Reached XP level 4. HP: 31/34 MP: 0/0
  1985 | D:2      | Killed Robin
  3060 | D:2      | Reached XP level 5. HP: 35/39 MP: 0/0
  3060 | D:2      | Learned a level 2 spell: Poisonous Vapours
  3306 | D:2      | Found Iqesivae's Antique Weapon Shoppe.
  4080 | D:3      | Noticed Ijyb
  4119 | D:3      | Killed Ijyb
  5136 | D:3      | Reached XP level 6. HP: 34/45 MP: 0/0
  5343 | D:3      | Found a basalt altar of Yredelemnul.
  5906 | D:4      | Noticed a black bear
  6038 | D:4      | Found a glowing golden altar of the Shining One.
  6417 | D:4      | Identified the ring of Xom's Sleight of Hands {Will+ Int-2
                  | Dex+7}
  6875 | D:4      | Reached XP level 7. HP: 39/49 MP: 0/0
  6875 | D:4      | Learned a level 2 spell: Searing Ray
  6996 | D:4      | Reached skill level 1 in Armour
  7650 | D:4      | You are sucked into a shaft and drop 2 floors!
  7682 | D:6      | Found a glowing silver altar of Zin.
  7686 | D:6      | Found a hide-covered altar of Uskayaw.
  7702 | D:6      | Found a snail-covered altar of Cheibriados.
  7751 | D:6      | Noticed a water moccasin
  7758 | D:6      | Slain by a gnoll

Illustrated notes

Levels and vault maps discovered:
D:1:      scummos_arrival_star, layout_rooms, basic_ecumenical_altar
D:2:      kennysheep_the_goblin_king, layout_loops_ring, serial_shops,
          shop_statue, uniq_robin
D:3:      layout_basic, yredelemnul_forgotten_temple_becter, kennysheep_donut,
          uniq_ijyb
D:4:      layout_loops_cross, general_overflow_altar, old_standard_altar
D:6:      layout_basic, mainiacjoe_overflow_concentric_impassable,
          chequers_temple_overflow_statue_of_worship

Skill      XL: |  1  2  3  4  5  6  7 |
---------------+----------------------+-----
Long Blades    | 3 4 |  4.5
Spellcasting   | 1 2 3 4 |  4.4
Armour         | 1 |  1.5
Fighting       | 3 |  3.1
Throwing       | |  1.5
Dodging        | |  3.2

Action                   |  1- 3 |  4- 6 |  7- 9 || total
-------------------------+-------+-------+-------++-------
Melee: Long sword        |    90 |   114 |     3 ||   207
 Cast: Sting             |    15 |    56 |       ||    71
       Poisonous Vapours |       |    79 |    14 ||    93
       Searing Ray       |       |       |     7 ||     7
  Use: Scroll            |       |     9 |       ||     9
Armor: Leather armour    |    13 |     3 |    14 ||    30
       Animal skin       |       |    36 |       ||    36
Dodge: Dodged            |    69 |    77 |    21 ||   167
       Rpst.: Long sword |    26 |    26 |     4 ||    56
